 Dungeon Crawl Stone Soup version 0.24.0-123-gd5b16e6ec5 (webtiles) character file.

Game seed: 11061269749433716972, levelgen mode: deterministic

2863 Martska the Geomancer (level 9, -2/51 HPs)
             Began as a Gargoyle Earth Elementalist on Jan 25, 2020.
             Was a Believer of Vehumet.
             Slain by Harold
             ... wielding a +0 battleaxe
              (15 damage)
             ... on level 8 of the Dungeon.
             The game lasted 00:42:37 (8324 turns).

Martska the Geomancer (Gargoyle Earth Elementalist) Turns: 8324, Time: 00:42:39

Health: -2/51      AC: 12    Str: 13    XL:     9   Next: 75%
Magic:  0/27       EV: 12    Int: 18    God:    Vehumet [**....]
Gold:   455        SH:  6    Dex: 10    Spells: 6/20 levels left

rFire    . . .     SeeInvis .   n - +0 mace
rCold    . . .     Gourm    .   (no shield)
rNeg     + . .     Faith    .   c - +0 robe
rPois    ∞         Spirit   .   (no helmet)
rElec    +         Reflect  +   p - +1 cloak
rCorr    .         Harm     .   (no gloves)
MR       +....                  a - +0 pair of boots
Stlth    ++........             M - +6 amulet of reflection
HPRegen  0.17/turn              E - ring of protection from magic
MPRegen  0.20/turn              H - ring of magical power

@: marked
A: negative energy resistance 1, electricity resistance, unbreathing,
petrification resistance, rot immunity, AC +6
a: Renounce Religion


You were on level 8 of the Dungeon.
You worshipped Vehumet.
Vehumet was pleased with you.
You were not hungry.

You visited 2 branches of the dungeon, and saw 9 of its levels.

You collected 455 gold pieces.

Inventory:

Hand Weapons
 f - a +0 club
 h - a +2 whip of electrocution
 n - a +0 mace (weapon)
 o - a +4 quarterstaff of chaos
 u - a +1 dagger of flaming
 I - a +4 hand axe of freezing
 R - a +4 quarterstaff
Missiles
 b - 109 stones (quivered)
Armour
 a - a +0 pair of boots (worn)
 c - a +0 robe (worn)
 p - a +1 cloak (worn)
 J - a +2 robe of fire resistance
Magical Staves
 P - an uncursed staff of power {unknown}
Jewellery
 r - a +4 ring of dexterity
 y - an uncursed ring of protection from cold
 E - a ring of protection from magic (left hand)
 G - a -3 ring of strength
 H - a ring of magical power (right hand)
 K - a cursed ring of protection from magic
 M - a +6 amulet of reflection (around neck)
 Q - an uncursed amulet of the gourmand {unknown}
Wands
 w - a wand of flame (10)
 O - a wand of enslavement (10)
Scrolls
 e - 2 scrolls of magic mapping
 g - a scroll of amnesia {unknown}
 l - 4 scrolls of blinking
 m - 3 scrolls of enchant weapon
 s - a scroll of random uselessness
 t - a scroll of enchant armour {unknown}
 v - a scroll of fear {unknown}
 B - a scroll of noise {unknown}
 C - a scroll of fog {unknown}
 D - 7 scrolls of remove curse
 L - a scroll of immolation {unknown}
Potions
 i - a potion of cancellation {unknown}
 j - a potion of brilliance {unknown}
 k - 2 potions of curing
 q - 3 potions of flight
 x - 2 potions of haste
 z - 2 potions of degeneration {unknown}
 A - a potion of ambrosia {unknown}
 F - a potion of magic {unknown}
 N - a potion of agility {unknown}
Comestibles
 d - 14 rations


   Skills:
 + Level 3.3 Fighting
 + Level 3.2 Maces & Flails
 + Level 3.6 Armour
 + Level 3.0 Dodging
 - Level 2.1 Stealth
 + Level 6.3 Spellcasting
 + Level 5.9 Conjurations
 - Level 0.7 Transmutations
 + Level 1.9 Fire Magic
 + Level 8.8 Earth Magic


You had 6 spell levels left.
You knew the following spells:

 Your Spells              Type           Power        Failure   Level  Hunger
a - Sandblast             Erth           #####.       1%          1    None
b - Passwall              Tmut/Erth      ###.....     2%          2    None
c - Stone Arrow           Conj/Erth      ####..       1%          3    ##.....
d - Lee's Rapid Deconstr  Erth           #####.....   9%          5    #####..
e - Conjure Flame         Conj/Fire      ###.....     7%          3    ##.....

Your spell library contained the following spells:

 Spells                   Type           Power        Failure   Level  Hunger
 Searing Ray              Conj           ####..       1%          2    None
 Magic Dart               Conj           ####         1%          1    None
 Mephitic Cloud           Conj/Pois/Air  ##......     16%         3    ##.....
 Petrify                  Tmut/Erth      ###.....     16%         4    ####...
 Blink                    Tloc           N/A          17%         2    None
 Call Imp                 Summ           #.......     17%         2    None
 Slow                     Hex            #.......     17%         2    None


Dungeon Overview and Level Annotations

Branches:
Dungeon (8/15)             Temple (1/1) D:5            Lair (0/6) D:8

Altars:
Ashenzari
Cheibriados
Elyvilon
Fedhas
Gozag
Hepliaklqana
Kikubaaqudgha
Makhleb
Nemelex Xobeh
Okawaru
Qazlal
Ru
Sif Muna
Trog
Uskayaw
Vehumet
Wu Jian
Yredelemnul
Zin
The Shining One
Jiyva

Shops:
D:6 [

Annotations:
D:8 Harold, Joseph


Innate Abilities, Weirdness & Mutations

You are resistant to torment.
Your stone body is resilient. (AC +6)
You are immune to poison.
You resist negative energy. (rN+)
You are resistant to electric shocks. (rElec)
You can survive without breathing.
You are immune to petrification.
You are immune to rotting.


Message History

The stone arrow misses Harold.
The orc priest casts a cantrip, but nothing happens.
Harold gestures at you while chanting.
The harpoon shot reflects off an invisible shield around you!
The harpoon shot hits Harold!
Harold casts a spell at you. The harpoon shot hits you!
You are yanked forward by the harpoon shot.
Casting: Stone Arrow (safe; 1% risk of failure)
Confirm with . or Enter, or press ? or * to list all spells.
Aiming: Stone Arrow (safe; 1% risk of failure)
Press: ? - help, Shift-Dir - straight line, f/p - Harold
Aim: Harold, wielding a +0 battleaxe and wearing a +0 scale mail (almost dead)
The stone arrow hits Harold.
Harold is almost dead.
The orc priest calls down the wrath of Beogh upon you.
Beogh smites you!
* * * LOW HITPOINT WARNING * * *
Harold hits you with a +0 battleaxe!
You die...

#.. #.# #.## ##########K# ##..###
#....@.oo.@# ### ###.....###
#@########## ..# ##.........###.#
#.###...........##o#
#.##.............#.#
..........>......@o#
...............p@..####
...##...P.......#.....#
#.####.........###.##.###########
#)..####.....####................
##### #.[#[).......#######.######
#.#.÷######### #.# # #.##.# #.# #
#.##.# #.# # #.##)# ####.# #


You could see Harold, an orc warrior, an orc priest and a neutral freed slave
(wandering).

Vanquished Creatures
  Pikel (D:8)
  Grinder (D:4)
  3 wargs
  A slave (D:8)
  The ghost of rumpelstilzz the Ducker, an amateur TrWr (D:4)
  2 ogres
  A phantom (D:7)
  3 centaurs
  2 bullfrogs (D:7)
  A scorpion (D:4)
  A howler monkey (D:4)
  2 crimson imps
  A quasit (D:7)
  2 orc priests
  2 jellies (D:8)
  8 hounds
  4 orc wizards
  Crazy Yiuf (D:2)
  2 centaur skeletons
  Terence (D:2)
  An iguana (D:6)
  3 worker ants
  2 hound skeletons (D:7)
  Robin (D:4)
  9 adders
  4 gnolls (D:6)
  A howler monkey skeleton (D:5)
  A shadow imp (D:6)
  An ooze (D:6)
  3 adder skeletons
  2 adder zombies
  3 worms
  2 dart slugs
  6 leopard geckos
  12 orcs
  2 ball pythons
  8 bats
  4 giant cockroaches
  17 goblins
  11 hobgoblins
  8 jackals
  3 quokkas
  2 frilled lizards
  A jackal skeleton (D:8)
  7 kobolds
  2 quokka zombies
  A rat (D:1)
157 creatures vanquished.

Vanquished Creatures (others)
  A slave (D:8)
  A crimson imp (D:8)
  3 orc wizards (D:8)
  An orc priest (D:8)
  A worker ant (D:8)
  A ball python (D:3)
  A bat (D:3)
9 creatures vanquished.

Grand Total: 166 creatures vanquished

Notes
Turn   | Place    | Note
-------+----------+-------------------------------------------
     0 | D:1      | Martska the Gargoyle Earth Elementalist began the quest for
                  | the Orb.
     0 | D:1      | Reached XP level 1. HP: 10/10 MP: 3/3
   109 | D:1      | Reached XP level 2. HP: 13/15 MP: 0/5
   117 | D:1      | Reached skill level 4 in Earth Magic
   519 | D:1      | Reached XP level 3. HP: 19/19 MP: 3/6
  1162 | D:2      | Noticed Terence
  1351 | D:2      | Reached XP level 4. HP: 24/24 MP: 5/8
  1489 | D:2      | Reached skill level 5 in Earth Magic
  1829 | D:2      | Found a runed translucent door.
  1830 | D:2      | Noticed Crazy Yiuf
  1927 | D:2      | Killed Crazy Yiuf
  2271 | D:2      | Killed Terence
  2271 | D:2      | Reached XP level 5. HP: 8/28 MP: 0/10
  2709 | D:3      | Learned a level 2 spell: Passwall
  2713 | D:3      | Learned a level 3 spell: Stone Arrow
  2783 | D:3      | Found a white marble altar of Elyvilon.
  2946 | D:3      | Reached skill level 1 in Conjurations
  3133 | D:3      | Noticed an ogre
  3256 | D:3      | Killed an ogre
  3256 | D:3      | Reached skill level 6 in Earth Magic
  3256 | D:3      | Reached XP level 6. HP: 32/32 MP: 3/12
  3720 | D:4      | Found a stormy altar of Qazlal.
  3742 | D:4      | Found a runed translucent door.
  3742 | D:4      | Noticed rumpelstilzz's ghost (amateur TrWr)
  3757 | D:4      | Noticed Robin
  3769 | D:4      | Killed Robin
  3781 | D:4      | Reached XP level 7. HP: 36/36 MP: 2/13
  4217 | D:4      | Found a hide-covered altar of Uskayaw.
  4219 | D:4      | Noticed Grinder
  4227 | D:4      | Killed Grinder
  4227 | D:4      | Reached skill level 5 in Spellcasting
  4227 | D:4      | Reached skill level 7 in Earth Magic
  4397 | D:4      | Killed rumpelstilzz's ghost
  4550 | D:5      | Entered Level 5 of the Dungeon
  4555 | D:5      | Reached XP level 8. HP: 41/41 MP: 11/15
  4564 | D:5      | Learned a level 5 spell: Lee's Rapid Deconstruction
  4731 | D:5      | Found a staircase to the Ecumenical Temple.
  4747 | Temple   | Entered the Ecumenical Temple
  4855 | Temple   | Became a worshipper of Vehumet
  5247 | D:6      | Found Arrot's Armour Emporium.
  5285 | D:6      | Found a sparkling altar of Nemelex Xobeh.
  5441 | D:6      | Found an iron altar of Okawaru.
  5481 | D:6      | Reached skill level 1 in Maces & Flails
  5766 | D:6      | Reached * piety under Vehumet
  5766 | D:6      | Offered knowledge of Flame Tongue by Vehumet.
  5766 | D:6      | Reached skill level 1 in Fighting
  5766 | D:6      | Reached skill level 1 in Armour
  5823 | D:6      | Learned a level 3 spell: Conjure Flame
  5961 | D:6      | Found a shattered altar of Ashenzari.
  6133 | D:7      | Reached skill level 8 in Earth Magic
  6133 | D:7      | Reached skill level 5 in Conjurations
  6729 | D:7      | Reached XP level 9. HP: 45/48 MP: 17/17
  6922 | D:7      | Found a blossoming altar of Fedhas.
  7623 | D:8      | Offered knowledge of Searing Ray by Vehumet.
  7636 | D:8      | Noticed Joseph
  7650 | D:8      | Found a shimmering blue altar of Sif Muna.
  7650 | D:8      | Found an opulent altar of Gozag.
  7650 | D:8      | Found an ornate altar of the Wu Jian Council.
  7650 | D:8      | Noticed a kobold demonologist
  7666 | D:8      | Noticed an orange demon
  7667 | D:8      | Noticed a sixfirhy
  7896 | D:8      | Noticed Pikel
  7910 | D:8      | Killed Pikel
  7910 | D:8      | Reached ** piety under Vehumet
  7910 | D:8      | Reached skill level 1 in Fire Magic
  8091 | D:8      | Found a staircase to the Lair.
  8283 | D:8      | Noticed Harold
  8324 | D:8      | Slain by Harold

Levels and vault maps discovered:
D:1:      saegor_arrival_simple_e, layout_loops_ring
D:2:      layout_basic, first_ration, uniq_terence, uniq_crazy_yiuf_cottage
D:3:      layout_loops_ring, elyvilon_altar_4
D:4:      lemuel_upstairs_altar, layout_basic, grunt_qazlal_sundering,
          eat_drink_and_be_merry_uskayaw, hellmonk_ghost_happy_afterlife,
          chequers_jeans, uniq_grinder, uniq_robin
D:5:      layout_basic, minmay_temple_entry_offerings
D:6:      layout_basic, lemuel_crystal_altar, lemuel_crystal_altar,
          old_standard_altar, serial_shops, nicolae_shop_stone
D:7:      layout_loops_cross, kennysheep_little_box
D:8:      layout_loops_ring, chequers_temple_overflow_statue_of_worship,
          erik_lair_orcish_takeover, uniq_harold, uniq_pikel, uniq_joseph
Temple:   pf_slime_end_temple

Skill      XL: |  1  2  3  4  5  6  7  8  9 |
---------------+----------------------------+-----
Earth Magic    | 4 5 6 7 8 |  8.8
Spellcasting   | 3 4 5 6 |  6.3
Conjurations   | 2 4 5 |  5.9
Maces & Flails | 2 3 |  3.2
Fighting       | 2 3 |  3.3
Armour         | 2 3 |  3.6
Dodging        | 2 3 |  3.0
Fire Magic     | 1 |  1.9
Stealth        | |  2.1
Transmutations | |  0.7

Action                   |  1- 3 |  4- 6 |  7- 9 || total
-------------------------+-------+-------+-------++-------
Melee: Club              |    19 |    17 |       ||    36
       Mace              |       |    59 |   130 ||   189
 Cast: Sandblast         |    41 |    54 |    86 ||   181
       Stone Arrow       |       |     1 |    31 ||    32
       Lee's Rapid Decon |       |       |    18 ||    18
       Conjure Flame     |       |       |     3 ||     3
       Passwall          |       |       |     3 ||     3
  Use: Scroll            |       |     3 |    10 ||    13
 Stab: Sleeping          |       |     3 |       ||     3
  Eat: Ration            |     1 |     2 |     5 ||     8
       Chunk             |       |       |     5 ||     5
Armor: Robe              |    13 |    51 |   104 ||   168
Dodge: Dodged            |    29 |    76 |   163 ||   268
Block: Other             |       |       |     6 ||     6
       Reflection        |       |       |     1 ||     1
